 Dungeon Crawl Stone Soup version 0.25.1-2-g60ff931df9 (webtiles) character file.

Game seed: 16810135392862515193

1299 Cykl0x the Shield-Bearer (level 8, -4/62 HPs)
             Began as a Formicid Fighter on Nov 19, 2020.
             Was an Initiate of the Shining One.
             Killed from afar by an electric eel (12 damage)
             ... with a bolt of electricity
             ... on level 6 of the Dungeon.
             The game lasted 00:12:13 (5427 turns).

Cykl0x the Shield-Bearer (Formicid Fighter)         Turns: 5427, Time: 00:12:13

Health: -4/62      AC: 12    Str: 23    XL:     8   Next: 87%
Magic:  9/9        EV:  8    Int:  8    God:    the Shining One [......]
Gold:   2188       SH: 10    Dex: 10    Spells: 7/7 levels left

rFire    . . .     SeeInvis +   a - +1 long sword
rCold    + . .     Gourm    .   c - +0 kite shield
rNeg     . . .     Faith    .   m - +0 chain mail
rPois    .         Spirit   .   (helmet unavailable)
rElec    .         Reflect  .   j - +1 cloak
rCorr    .         Harm     .   (no gloves)
MR       .....                  (no boots)
Stlth    ..........             (no amulet)
HPRegen  0.20/turn              q - ring of protection from cold
MPRegen  0.11/turn              (no ring)

@: glowing
A: permanent stasis, dig shafts and tunnels, four strong arms, antennae 3
a: Dig, Shaft Self, Renounce Religion


You were on level 6 of the Dungeon.
You worshipped the Shining One.
The Shining One was noncommittal.
You were very hungry.

You visited 2 branches of the dungeon, and saw 7 of its levels.

You collected 2188 gold pieces.

Inventory:

Hand Weapons
 a - a +1 long sword (weapon)
Missiles
 e - 207 stones (quivered)
Armour
 b - a +0 scale mail
 c - a +0 kite shield (worn)
 j - a +1 cloak (worn)
 m - a +0 chain mail (worn)
Jewellery
 o - an uncursed amulet of magic regeneration
 p - an uncursed amulet of reflection {unknown}
 q - a ring of protection from cold (left hand)
Wands
 n - a wand of digging (3)
Scrolls
 g - 3 scrolls of identify
 l - a scroll of fear
Potions
 d - a potion of heal wounds
 h - 3 potions of curing
 i - 2 potions of flight
 k - a potion of ambrosia
 r - 2 potions of mutation {unknown}
Comestibles
 f - 12 rations


   Skills:
 + Level 5.0 Fighting
 + Level 6.2 Long Blades
 + Level 2.7 Throwing
 + Level 5.2 Armour
 + Level 1.7 Dodging
 - Level 0.1 Stealth
 + Level 6.6 Shields
 * Level 1.6 Invocations


You had 7 spell levels left.
You didn't know any spells.
Your spell library was empty.

Dungeon Overview and Level Annotations

Branches:
Dungeon (6/15)             Temple (1/1) D:5

Altars:
Ashenzari
Cheibriados
Dithmenos
Elyvilon
Fedhas
Gozag
Hepliaklqana
Kikubaaqudgha
Makhleb
Nemelex Xobeh
Okawaru
Qazlal
Ru
Sif Muna
Trog
Vehumet
Wu Jian
Xom
Yredelemnul
Zin
The Shining One


Innate Abilities, Weirdness & Mutations

You cannot be hasted, slowed, berserked, paralysed or teleported.
You can dig through walls and to a lower floor.
Your four strong arms can wield two-handed weapons with a shield.
You have a pair of large antennae on your head. (SInv)


Message History

The bolt of electricity hits the electric eel.
The electric eel completely resists.
You feel better.
The electric eel shoots out a bolt of lightning at you!
The bolt of electricity hits you. x2
* * * LOW HITPOINT WARNING * * *
The bolt of electricity hits the electric eel.
The electric eel completely resists.
You closely miss the electric eel.
The electric eel is moderately wounded.
The electric eel shoots out a bolt of lightning at you!
The bolt of electricity hits you!
* * * LOW HITPOINT WARNING * * *
The bolt of electricity hits you.
* * * LOW HITPOINT WARNING * * *
The bolt of electricity hits the electric eel.
The electric eel completely resists.
The electric eel shoots out a bolt of lightning at you!
The bolt of electricity hits you!
You die...

## #.≈♣♣♣≈≈≈♣ .##
#.≈≈≈≈≈.≈≈ ≈.≈≈≈≈ ..##
#≈..≈≈≈.≈≈ .≈.≈≈
#..###.≈≈≈≈≈≈≈≈ ≈≈≈≈
##..##.≈♣♣♣≈≈≈♣ ♣≈≈≈♣
##....≈♣ ♣≈.≈♣ ♣≈.≈♣ .
##...≈♣♣♣≈.≈♣♣♣≈.≈♣♣♣≈.
##..≈≈≈≈≈≈≈≈≈;≈≈≈≈≈≈≈≈
##...≈.≈≈≈|≈≈@≈.≈≈≈.≈.
##.....######.#........
##......### #.##........
##...####..####.#....#..
....## ##..###....### .
...## ##......### ...#
###.#### ...# ### ...#


You could see an electric eel.

Vanquished Creatures
  Duvessa (D:4)
  2 sky beasts
  A black bear (D:5)
  An ogre (D:6)
  A centaur (D:5)
  Dowan (D:4)
  A scorpion (D:6)
  A howler monkey (D:5)
  3 crimson imps (D:5)
  A hound (D:4)
  3 orc priests
  Jessica (D:3)
  2 iguanas
  Natasha (twice) (D:3)
  A worker ant (D:4)
  A hound zombie (D:6)
  Robin (D:2)
  9 adders
  2 oozes
  An adder skeleton (D:5)
  An adder zombie (D:5)
  A worm (D:3)
  4 dart slugs
  3 leopard geckos
  8 orcs
  8 giant cockroaches
  16 goblins
  9 hobgoblins
  A jackal (D:5)
  2 quokkas (D:5)
  A ball python (D:1)
  A ball python skeleton (D:4)
  8 bats
  3 frilled lizards
  A jackal skeleton (D:4)
  8 kobolds
  9 rats
120 creatures vanquished.

Notes
Turn   | Place    | Note
-------+----------+-------------------------------------------
     0 | D:1      | Cykl0x the Formicid Fighter began the quest for the Orb.
     0 | D:1      | Reached XP level 1. HP: 18/18 MP: 1/1
   263 | D:1      | Reached XP level 2. HP: 22/24 MP: 2/2
   683 | D:1      | Reached XP level 3. HP: 28/29 MP: 3/3
  1043 | D:2      | Noticed Robin
  1074 | D:2      | Killed Robin
  1074 | D:2      | Reached XP level 4. HP: 36/36 MP: 4/4
  1413 | D:2      | Noticed a sky beast
  1450 | D:2      | Killed a sky beast
  1450 | D:2      | Reached skill level 1 in Dodging
  1450 | D:2      | Reached XP level 5. HP: 17/42 MP: 5/5
  1724 | D:2      | Reached XP level 6. HP: 47/48 MP: 6/6
  2029 | D:3      | Noticed Jessica
  2043 | D:3      | Killed Jessica
  2171 | D:3      | Reached skill level 5 in Shields
  2272 | D:3      | Noticed Natasha
  2289 | D:3      | Killed Natasha
  2323 | D:3      | Noticed Natasha
  2331 | D:3      | Killed Natasha
  2331 | D:3      | Reached skill level 1 in Throwing
  2801 | D:4      | Noticed Duvessa
  2801 | D:4      | Noticed Dowan
  2814 | D:4      | Killed Duvessa
  2814 | D:4      | Reached XP level 7. HP: 50/54 MP: 7/7
  2838 | D:4      | Killed Dowan
  3241 | D:4      | Reached skill level 5 in Long Blades
  3760 | D:5      | Entered Level 5 of the Dungeon
  3837 | D:5      | Reached XP level 8. HP: 46/60 MP: 8/8
  4010 | D:5      | Reached skill level 5 in Armour
  4041 | D:5      | Identified a scroll of acquirement
  4041 | D:5      | Acquired 1910 gold pieces
  4495 | D:5      | Found a staircase to the Ecumenical Temple.
  4507 | Temple   | Entered the Ecumenical Temple
  4606 | Temple   | Became a worshipper of the Shining One
  4920 | D:6      | Reached skill level 1 in Invocations
  4999 | D:6      | Reached skill level 5 in Fighting
  5427 | D:6      | Killed from afar by an electric eel

Illustrated notes

Levels and vault maps discovered:
D:1:      wheals_arrival_shading, layout_basic
D:2:      layout_loops_cross, minmay_between, uniq_robin
D:3:      layout_loops_ring, uniq_jessica, uniq_natasha
D:4:      layout_loops_cross, first_ration, uniq_duvessa
D:5:      minmay_inner_zag, layout_basic, minmay_temple_entry_tees
D:6:      layout_layer_cave, kennysheep_boxes
Temple:   kilobyte_greek_temple

Skill      XL: |  1  2  3  4  5  6  7  8 |
---------------+-------------------------+-----
Shields        | 4 5 6 |  6.6
Armour         | 4 5 |  5.2
Long Blades    | 3 4 5 6 |  6.2
Dodging        | 1 |  1.7
Throwing       | 1 2 |  2.7
Fighting       | 4 5 |  5.0
Invocations    | 1 |  1.6
Stealth        | |  0.1

Action                   |  1- 3 |  4- 6 |  7- 9 || total
-------------------------+-------+-------+-------++-------
Melee: Long sword        |    92 |   180 |   201 ||   473
Throw: Stone             |    17 |    71 |    64 ||   152
 Abil: Dig               |     1 |     3 |     4 ||     8
  Use: Scroll            |     4 |     2 |     5 ||    11
       Potion            |       |     3 |     3 ||     6
  Eat: Chunk             |     1 |     6 |     8 ||    15
Armor: Scale mail        |    42 |    69 |       ||   111
       Chain mail        |       |     6 |    90 ||    96
Dodge: Dodged            |    26 |    65 |    47 ||   138
Block: Kite shield       |    47 |    93 |    98 ||   238
       Rpst.: Long sword |    12 |    25 |    17 ||    54
